 Dungeon Crawl Stone Soup version 0.31-a0-210-gccc998df9b (webtiles) character file.

Game seed: 5147425908530338141

2083 nono the Trooper (level 9, -4/65 (72) HPs)
             Began as a Formicid Cinder Acolyte on June 30, 2023.
             Was an Elder of Ignis.
             Slain by a two-headed ogre
             ... wielding a +0 dire flail
              (22 damage)
             ... on level 6 of the Dungeon.
             The game lasted 00:14:15 (6691 turns).

nono the Trooper (Formicid Cinder Acolyte)          Turns: 6691, Time: 00:14:15

HP:   -4/65 (72)    AC: 14    Str: 23    XL:     9   Next: 51%
MP:   10/10         EV:  9    Int: 14    God:    Ignis [****..]
Gold: 284           SH:  0    Dex:  9    Spells: 10/10 levels left

rFire   . . .        D - +0 battleaxe
rCold   + + .        (no shield)
rNeg    . . .        y - +0 ice dragon scales
rPois   .            (helmet unavailable)
rElec   .            C - +0 cloak
rCorr   .            u - +0 pair of gloves
SInv    +            (no boots)
Will    .....        (no amulet) Stlth
                     (no ring)
HPRegen 0.30/turn    (no ring)
MPRegen 0.12/turn

%: no passive effects
@: drained
A: permanent stasis, dig shafts and tunnels, antennae 3, four strong arms
a: Dig, Shaft Self, Renounce Religion, Fiery Armour, Foxfire Swarm, Rising Flame


You were on level 6 of the Dungeon.
You worshipped Ignis.
Ignis was greatly pleased with you.
You visited 1 branch of the dungeon, and saw 6 of its levels.

You collected 369 gold pieces.
You spent 85 gold pieces at shops.

Inventory:

Hand Weapons
 a - a -1 hand axe of flaming
 t - a +1 whip of venom
 v - a +2 dagger of draining
 D - a +0 battleaxe (weapon)
Missiles
 h - 5 boomerangs (quivered)
Armour
 b - a +0 robe
 c - a +0 plate armour
 i - a +0 chain mail
 r - a +3 ring mail of cold resistance
 u - a +0 pair of gloves (worn)
 y - +0 ice dragon scales (worn)
 C - a +0 cloak (worn)
Jewellery
 n - a ring of fire
 s - a +6 ring of intelligence
Scrolls
 f - 5 scrolls of identify {unknown}
 j - 2 scrolls of enchant armour {unknown}
 l - 3 scrolls of amnesia {unknown}
 m - a scroll of noise {unknown}
 q - 3 scrolls of fog {unknown}
 w - 2 scrolls of vulnerability {unknown}
 z - a scroll of fear {unknown}
 B - a scroll of acquirement {unknown}
 F - a scroll of enchant weapon {unknown}
Potions
 d - a potion of mutation {unknown}
 e - 2 potions of curing
 g - 2 potions of berserk rage {unknown}
 k - 2 potions of attraction {unknown}
 o - 2 potions of haste {unknown}
 p - a potion of brilliance {unknown}
 x - a potion of might {unknown}
 A - a potion of cancellation {unknown}
 E - a potion of resistance {unknown}


   Skills:
 + Level 7.4 Fighting
 + Level 6.7 Axes
 + Level 5.5 Throwing
 + Level 6.4 Armour
 - Level 1.1 Spellcasting
 - Level 3.0 Fire Magic


You had 10 spell levels left.
You didn't know any spells.
Your spell library contained the following spells:

 Spells                   Type           Power      Damage    Failure   Level
 Scorch                   Fire           18%        2d5       32%         2
 Cigotuvi's Dreadful Rot  Necr/Pois/Air  0%         N/A       73%         2
 Ignite Poison            Fire/Tmut/Pois 3%         N/A       82%         3
 Ozocubu's Armour         Ice            0%         N/A       91%         3
 Anguish                  Hex/Necr       0%         N/A       100%        4
 Cause Fear               Hex            0%         N/A       100%        4
 Freezing Cloud           Conj/Ice/Air   0%         6-21      100%        5
 Metabolic Englaciation   Hex/Ice        0%         N/A       100%        5
 Simulacrum               Ice/Necr       0%         N/A       100%        6
 Enfeeble                 Hex            0%         N/A       100%        7


Dungeon Overview and Level Annotations

Branches:
Dungeon (6/15)             Temple (0/1) D:4

Altars:
Elyvilon
Makhleb
Ru
Trog
Xom

Shops:
D:5 [


Innate Abilities, Weirdness & Mutations

You cannot be hasted, slowed, berserked, paralysed or teleported.
You can dig through walls and to a lower floor.
You have a pair of large antennae on your head. (SInv)
Your four strong arms can wield two-handed weapons with a shield.


Message History

The foxfire hits the two-headed ogre.
The two-headed ogre is heavily wounded.
The foxfire hits the two-headed ogre but does no damage.
The two-headed ogre is heavily wounded.
You hit the two-headed ogre.
The two-headed ogre is severely wounded.
The two-headed ogre barely misses you. x2
You barely miss the two-headed ogre.
The two-headed ogre is severely wounded.
The two-headed ogre barely misses you.
The two-headed ogre hits you with a +0 giant spiked club!
You hit the two-headed ogre.
The two-headed ogre is severely wounded.
The two-headed ogre hits you with a +0 dire flail!
The two-headed ogre completely misses you.
You hit the two-headed ogre.
The two-headed ogre is severely wounded.
The two-headed ogre barely misses you.
The two-headed ogre hits you with a +0 giant spiked club!!
* * * LOW HITPOINT WARNING * * *
Okay, then.
You aren't carrying any items that you can evoke.
Unknown command.
Okay, then.
Okay, then.
You barely miss the two-headed ogre.
The two-headed ogre is severely wounded.
The two-headed ogre closely misses you. x2
You hit the two-headed ogre but do no damage.
The two-headed ogre is severely wounded.
The two-headed ogre barely misses you.
The two-headed ogre hits you with a +0 giant spiked club!
* * * LOW HITPOINT WARNING * * *
Okay, then.
Unknown command.
You feel better.
You barely miss the two-headed ogre.
The two-headed ogre is severely wounded.
The two-headed ogre hits you with a +0 dire flail!!
You die...

~~~≈≈≈P~~~~~
♣~~~≈≈≈~P~~♣
##.####
♣♣♣~~≈P~~~~♣ ......
##~P~~~~~~ #....#
##♣♣♣♣~♣# #....# ##
# #...)# .#
#....########..
.##########
#....##.......#
.).).[....#
#.@O.#..#
..........#
#......##
..........#
##.#.[.##
..........#
##....###
..........###...###
.####..#........#
## ##.'........#
###........#
#..##..#.#


You could see a two-headed ogre.

Vanquished Creatures
  Grinder (D:4)
  Edmund (D:5)
  2 black bears (D:4)
  2 ice beasts (D:5)
  2 centaurs
  2 ogres
  Blork the orc (D:4)
  2 phantoms (D:5)
  A bullfrog (D:6)
  3 scorpions
  4 wights (D:6)
  A hound (D:5)
  5 iguanas
  Ijyb (D:3)
  Terence (D:3)
  Robin (D:4)
  8 adders
  3 worms
  4 dart slugs
  10 orcs
  4 ball pythons
  2 bats
  8 endoplasms
  16 giant cockroaches
  14 goblins
  12 hobgoblins
  8 jackals
  4 kobolds
  2 quokkas
  3 frilled lizards
  5 rats
133 creatures vanquished.

Vanquished Creatures (others)
  16 foxfires (D:6)
16 creatures vanquished.

Grand Total: 149 creatures vanquished

Notes
Turn   | Place    | Note
-------+----------+-------------------------------------------
     0 | D:1      | nono the Formicid Cinder Acolyte began the quest for the
                  | Orb.
     0 | D:1      | Reached XP level 1. HP: 18/18 MP: 2/2
   151 | D:1      | Reached XP level 2. HP: 24/24 MP: 3/3
   249 | D:1      | Reached skill level 1 in Armour
   339 | D:1      | Reached XP level 3. HP: 27/30 MP: 4/4
   902 | D:2      | Reached skill level 4 in Fighting
   920 | D:2      | Reached XP level 4. HP: 11/37 MP: 5/5
  1602 | D:3      | Reached skill level 1 in Throwing
  1734 | D:3      | Noticed Terence
  1769 | D:3      | Killed Terence
  1770 | D:3      | Reached XP level 5. HP: 8/42 MP: 6/6
  2289 | D:3      | Noticed Ijyb
  2333 | D:3      | Killed Ijyb
  2514 | D:3      | Reached XP level 6. HP: 38/49 MP: 7/7
  2591 | D:3      | Found a burning altar of Makhleb.
  2596 | D:3      | Found a sacrificial altar of Ru.
  2597 | D:3      | Found a white marble altar of Elyvilon.
  2601 | D:3      | Found a shimmering altar of Xom.
  2675 | D:3      | HP: 2/49 [poisoned by an orc]
  3057 | D:4      | Noticed Robin
  3069 | D:4      | Killed Robin
  3099 | D:4      | Noticed a black bear
  3114 | D:4      | Killed a black bear
  3118 | D:4      | Reached skill level 5 in Fighting
  3205 | D:4      | Found a bloodstained altar of Trog.
  3231 | D:4      | Noticed Blork the orc
  3249 | D:4      | Killed Blork the orc
  3250 | D:4      | Reached XP level 7. HP: 46/56 MP: 8/8
  3373 | D:4      | HP: 2/56 [ogre/+0 giant club (25)]
  3653 | D:4      | Noticed Grinder
  3655 | D:4      | Found a staircase to the Ecumenical Temple.
  3682 | D:4      | Killed Grinder
  3683 | D:4      | Reached skill level 5 in Axes
  3683 | D:4      | Reached XP level 8. HP: 41/64 MP: 9/9
  4459 | D:5      | Entered Level 5 of the Dungeon
  4965 | D:5      | Reached skill level 6 in Fighting
  5064 | D:5      | Reached skill level 5 in Armour
  5117 | D:5      | Noticed Edmund
  5135 | D:5      | Killed Edmund
  5267 | D:5      | Reached XP level 9. HP: 71/71 MP: 10/10
  5468 | D:5      | Found Xeulohai's Antique Armour Shoppe.
  5487 | D:5      | Bought a cloak for 85 gold pieces
  5811 | D:6      | Reached skill level 5 in Throwing
  5837 | D:6      | Reached skill level 7 in Fighting
  6675 | D:6      | Noticed a two-headed ogre
  6691 | D:6      | Slain by a two-headed ogre

Illustrated notes

Levels and vault maps discovered:
D:1:      lemuel_arrival_lava_pool, layout_rooms
D:2:      kennysheep_the_goblin_king, layout_loops_ring
D:3:      minmay_roachtagon, layout_loops_corners, minitemple, uniq_terence,
          uniq_ijyb
D:4:      layout_basic, trog_ov_bears_minmay, temple_statues,
          minmay_misc_feat_alley, minmay_misc_feat_pillars, uniq_blork_the_orc,
          uniq_grinder, uniq_robin
D:5:      layout_loops_corners, serial_shops,
          nicolae_shop_temple_entry_statues_fountains, serial_co_window_serial,
          co_window_paths_a, co_window_corner_a, co_window_paths_a,
          co_window_paths_a, co_window_paths_b, co_window_corner_b,
          co_window_broadway_a, co_window_paths_c, co_window_of_opportunity_c,
          glass_columns_a, glass_columns_b, glass_columns_a, glass_columns_c,
          uniq_edmund
D:6:      layout_basic, nicolae_ossuary_entry_monument, serial_bayou_ford_a,
          minmay_misc_feat_nine_boxes

Skill      XL: |  1  2  3  4  5  6  7  8  9 |
---------------+----------------------------+-----
Armour         | 1 2 3 4 5 6 |  6.4
Fighting       | 4 5 6 7 |  7.4
Throwing       | 1 2 3 4 5 |  5.5
Axes           | 4 5 6 |  6.7
Spellcasting   | |  1.1
Fire Magic     | |  3.0

Action                     |  1- 3 |  4- 6 |  7- 9 || total
---------------------------+-------+-------+-------++-------
  Melee: Hand axe          |    95 |   191 |    18 ||   304
         Punch             |     2 |     5 |     3 ||    10
         Whip              |       |    51 |   180 ||   231
         Battleaxe         |       |       |    32 ||    32
  Throw: Boomerang         |     7 |     7 |     4 ||    18
 Invoke: Fiery Armour      |       |     2 |     1 ||     3
         Foxfire Swarm     |       |       |     1 ||     1
    Use: Potion            |       |     1 |     1 ||     2
 Armour: Plate armour      |    49 |       |       ||    49
         Chain mail        |    14 |    95 |       ||   109
         Ring mail         |       |    30 |    17 ||    47
         Ice dragon scales |       |       |    75 ||    75
  Dodge: Dodged            |    24 |   105 |   108 ||   237

Table legend: (Time is in decaauts)
 A = Elapsed time spent in this place.
 B = Non-inter-level travel time spent in this place.
 C = Inter-level travel time spent in this place.
 D = Time resting spent in this place.
 E = Time spent auto-exploring this place.
 F = Levels seen in this place.
 G = Mean time per level.
                   A        B        C        D        E       F      G
               +--------+--------+--------+--------+--------+-----+--------+
         Total |   6737 |   6483 |    254 |    648 |   4384 |   6 | 1122.8 |
       Dungeon |   6737 |   6483 |    254 |    648 |   4384 |   6 | 1122.8 |
               +--------+--------+--------+--------+--------+-----+--------+

Top non-repeatable levels by time:
     D:3: 1653 daAuts
     D:4: 1467 daAuts
     D:5: 1287 daAuts
     D:6: 956 daAuts
     D:2: 827 daAuts
     D:1: 545 daAuts
